 Dungeon Crawl Stone Soup version 0.28-a0-1182-g381e24db82 (webtiles) character file.

Game seed: 9177637944968891540

2257 bearlyready the Destroyer (level 9, -6/62 HPs)
             Began as a White Draconian Conjurer on Dec 16, 2021.
             Killed by divine providence
             ... invoked by an orc priest
              (16 damage)
             ... on level 6 of the Dungeon.
             The game lasted 00:15:13 (8155 turns).

bearlyready the Destroyer (DrCj)                    Turns: 8155, Time: 00:15:14

Health: -6/62      AC: 11    Str:  7    XL:     9   Next: 15%
Magic:  3/12       EV: 31    Int: 23    God:
Gold:   94         SH:  0    Dex: 10    Spells: 5/12 levels left

rFire   + + .      SeeInvis .   e - +1 whip (elec)
rCold   + . .      Faith    .   (no shield)
rNeg    + . .      Spirit   .   (armour unavailable)
rPois   +          Reflect  .   (helmet restricted)
rElec   .          Harm     .   l - +0 cloak
rCorr   .          Rampage  .   (no gloves)
Will    .....                   w - +2 pair of boots of the Albatross {rPois rF++ rN+ Str-2}
Stlth   ++........              q - amulet of the acrobat
HPRegen 0.20/turn               s - +4 ring of evasion
MPRegen 0.13/turn               (no ring)

@: acrobatic
A: breathe frost, AC +7, unfitting armour, cold resistance 1, cold-blooded
a: Breathe Frost


You were on level 6 of the Dungeon.
You visited 1 branch of the dungeon, and saw 6 of its levels.

You collected 284 gold pieces.
You spent 190 gold pieces at shops.

Inventory:

Hand Weapons
 b - a +0 spear
 e - a +1 whip of electrocution (weapon)
Missiles
 a - 18 poisoned darts (quivered)
 j - 6 boomerangs
Armour
 l - a +0 cloak (worn)
 w - the +2 pair of boots of the Albatross (worn) {rPois rF++ rN+ Str-2}
   (You bought it in a shop on level 5 of the Dungeon)

   Str:       It affects your strength (-2).
   rF:        It greatly protects you from fire.
   rPois:     It protects you from poison.
   rN:        It protects you from negative energy.
Jewellery
 q - an amulet of the acrobat (around neck)
 s - a +4 ring of evasion (left hand)
Wands
 A - a wand of acid (8)
Scrolls
 f - 2 scrolls of magic mapping {unknown}
 h - a scroll of enchant armour {unknown}
 i - a scroll of vulnerability {unknown}
 k - 2 scrolls of enchant weapon
 n - a scroll of fog {unknown}
 p - 2 scrolls of fear
 t - a scroll of immolation {unknown}
 u - a scroll of blinking {unknown}
 v - a scroll of amnesia {unknown}
 x - a scroll of identify
 y - a scroll of brand weapon {unknown}
Potions
 c - 2 potions of curing
 d - a potion of degeneration {unknown}
 g - a potion of attraction
 m - a potion of ambrosia
 o - 2 potions of heal wounds
 r - a potion of might
 z - a potion of mutation {unknown}


   Skills:
 - Level 3.2 Maces & Flails
 - Level 1.7 Dodging
 - Level 1.7 Stealth
 - Level 2.0 Spellcasting
 + Level 9.8 Conjurations
 + Level 6.8 Hexes


You had 5 spell levels left.
You knew the following spells:

 Your Spells              Type           Power      Damage    Failure   Level
a - Magic Dart            Conj           100%       1d8       1%          1
b - Searing Ray           Conj           94%        2d7       1%          2
c - Fulminant Prism       Conj/Hex       20%        3d13      4%          4

Your spell library contained the following spells:

 Spells                   Type           Power      Damage    Failure   Level
 Dazzling Flash           Conj/Hex       80%        N/A       1%          3
 Iskenderun's Mystic Bla  Conj/Tloc      25%        2d7       17%         4
 Gell's Gravitas          Tloc           2%         N/A       36%         3
 Lesser Beckoning         Tloc           2%         N/A       36%         3
 Teleport Other           Tloc           2%         N/A       36%         3


Dungeon Overview and Level Annotations

Branches:
Dungeon (6/15)
 Temple: D:4-7

Altars:
Fedhas
Uskayaw
Yredelemnul

Shops:
D:5 [


Innate Abilities, Weirdness & Mutations

You can breathe waves of freezing cold which knock back foes.
Your icy white scales are hard. (AC +7)
You cannot fit into any form of body armour.
Your flesh is cold resistant. (rC+)
You are cold-blooded and may be slowed by cold attacks.


Message History

The searing ray hits the orc warrior.
The orc warrior is severely wounded.
The centaur unwields a +0 shortbow.
The centaur completely misses you. x2
The searing ray hits the centaur.
The centaur is almost dead.
The searing ray hits the orc warrior.
The orc warrior is severely wounded.
You finish channelling your searing ray.
The centaur misses you. The centaur completely misses you. x2
The centaur closely misses you.
The orc priest mumbles some strange prayers to Beogh against you.
Beogh smites you!
Casting: Searing Ray (safe; 1% risk of failure)
Confirm with . or Enter, or press ? or * to list all spells.
Aiming: Searing Ray (safe; 1% risk of failure)
Press: ? - help, Shift-Dir - straight line, f/p - orc warrior
Aim: an orc warrior, wielding a +0 mace and wearing a +0 plate armour (severely wounded, 82% to hit)
The searing ray hits the centaur!
You kill the centaur!
The searing ray hits the orc warrior but does no damage.
The orc warrior is severely wounded.
The searing ray misses the orc priest. (Press . to maintain the ray.)
The searing ray hits the orc warrior.
The orc warrior is almost dead.
The searing ray hits the orc.
The orc is almost dead.
The searing ray misses the orc priest.
The orc warrior completely misses you.
The orc priest mumbles some strange prayers to Beogh against you.
Beogh smites you!
* * * LOW HITPOINT WARNING * * *
The searing ray hits the orc warrior!
You kill the orc warrior!
The searing ray hits the orc.
You kill the orc!
The searing ray hits the orc priest.
The orc priest is moderately wounded.
The orc priest calls down the wrath of Beogh upon you.
Beogh smites you!
You die...

........<....'.......#...#
#....#.#.#####.......#...#
#.......>))).........#...#
...#.....####.######.###'##
## #........#.# #......#
#.###.##.#.# #......# #.
..##.#.# #......# #
######.#.# #.###.##
#o)))@...# #.......
#.####.### ####.###
##.####.# #.... ##.......#
#..## #.#........# #..#
#.c.o......# #..#
#≈..o♣.♣≈....# #..#
###o≈...≈≈...# #..#
#≈≈≈≈≈≈≈....# #..#


You could see an orc priest.

Vanquished Creatures
  Grinder (D:4)
  A wyvern (D:6)
  2 orc warriors
  A black bear (D:4)
  2 necrophages
  2 ogres (D:5)
  A phantom (D:4)
  3 centaurs
  6 scorpions
  3 wights (D:5)
  2 bullfrog zombies (D:5)
  A centaur zombie (D:5)
  A bullfrog skeleton (D:4)
  2 hounds (D:6)
  A human zombie (D:5)
  2 iguanas
  4 orc wizards
  A killer bee zombie (D:5)
  A hound skeleton (D:4)
  3 mummies (D:5)
  A howler monkey zombie (D:5)
  4 gnolls
  3 adders
  A shadow imp (D:5)
  A white imp (D:4)
  4 worms
  2 dart slugs (D:4)
  11 orcs
  8 endoplasms
  6 giant cockroaches
  6 goblins
  6 hobgoblins
  5 kobolds
  2 quokkas (D:1)
  8 ball pythons
  12 bats
  5 frilled lizards
  7 rats
132 creatures vanquished.

Vanquished Creatures (others)
  3 fulminant prisms (D:4)
  3 fungi (D:5)
6 creatures vanquished.

Grand Total: 138 creatures vanquished

Notes
Turn   | Place    | Note
-------+----------+-------------------------------------------
     0 | D:1      | bearlyready the Draconian Conjurer began the quest for the
                  | Orb.
     0 | D:1      | Reached XP level 1. HP: 14/14 MP: 3/3
    46 | D:1      | Reached XP level 2. HP: 9/20 MP: 0/5
   668 | D:1      | Found a faded altar of an unknown god.
   804 | D:1      | Reached skill level 5 in Conjurations
   937 | D:1      | Reached XP level 3. HP: 24/26 MP: 6/6
  2482 | D:3      | Reached skill level 1 in Maces & Flails
  2518 | D:3      | Reached XP level 4. HP: 30/33 MP: 7/7
  2528 | D:3      | Learned a level 4 spell: Fulminant Prism
  2880 | D:3      | Noticed a centaur
  2890 | D:3      | Killed a centaur
  2891 | D:3      | Reached XP level 5. HP: 9/38 MP: 8/8
  3150 | D:3      | Found a hide-covered altar of Uskayaw.
  3636 | D:4      | Noticed a phantom
  3677 | D:4      | Killed a phantom
  3678 | D:4      | Reached skill level 6 in Conjurations
  4032 | D:4      | Reached skill level 1 in Hexes
  4032 | D:4      | Reached XP level 6. HP: 30/45 MP: 9/9
  4035 | D:4      | Learned a level 2 spell: Searing Ray
  4498 | D:4      | Noticed Grinder
  4513 | D:4      | Killed Grinder
  4514 | D:4      | Reached skill level 7 in Conjurations
  4514 | D:4      | Your scales start taking on an icy white colour.
  4514 | D:4      | Reached XP level 7. HP: 35/50 MP: 1/10
  4514 | D:4      | Gained mutation: Your flesh is cold resistant. (rC+) [White
                  | Draconian growth]
  5499 | D:5      | Entered Level 5 of the Dungeon
  5616 | D:5      | Reached skill level 8 in Conjurations
  5669 | D:5      | Reached XP level 8. HP: 35/55 MP: 5/11
  5913 | D:5      | Found a basalt altar of Yredelemnul.
  6078 | D:5      | Reached skill level 5 in Hexes
  6832 | D:5      | Reached skill level 9 in Conjurations
  7008 | D:5      | Found Emuimu's Antique Armour Shoppe.
  7018 | D:5      | Bought a pair of smouldering boots for 190 gold pieces
  7018 | D:5      | Identified the +2 pair of boots of the Albatross {rPois
                  | rF++ rN+ Str-2} (You bought it in a shop on level 5 of the
                  | Dungeon)
  7062 | D:5      | Found a blossoming altar of Fedhas.
  7613 | D:6      | Reached XP level 9. HP: 37/62 MP: 9/12
  8155 | D:6      | Killed from afar by an orc priest

Illustrated notes

Levels and vault maps discovered:
D:1:      nicolae_arrival_memento_mori, layout_loops_cross,
          basic_ecumenical_altar, serial_bayou_pond_a
D:2:      minmay_door_path, layout_loops_ring, serial_bayou_lagoon_b
D:3:      layout_loops_ring, mainiacjoe_overflow_brackets, saegor_snake_ambush
D:4:      layout_basic, uniq_grinder
D:5:      old_forge, layout_basic, lemuel_mausoleum_altar_yredelemnul,
          mainiacjoe_overflow_cross_hatched, serial_shops,
          nicolae_lakefront_shop, minivault_25
D:6:      layout_basic, serial_rivers, chequers_serial_rivers_room_a,
          chequers_serial_rivers_small_3, chequers_serial_rivers_large_b,
          chequers_serial_rivers_marsh, uniq_blork_the_orc

Skill      XL: |  1  2  3  4  5  6  7  8 |
---------------+-------------------------+-----
Conjurations   | 5 6 7 8 9 |  9.8
Maces & Flails | 1 2 3 |  3.2
Hexes          | 1 2 4 6 |  6.8
Dodging        | |  1.7
Stealth        | |  1.7
Spellcasting   | |  2.0

Action                   |  1- 3 |  4- 6 |  7- 9 || total
-------------------------+-------+-------+-------++-------
Melee: Spear             |    92 |       |       ||    92
       Tailslap          |    10 |    10 |    12 ||    32
       Unarmed           |     4 |       |       ||     4
       Whip              |    94 |    98 |   248 ||   440
Throw: Dart              |     9 |     4 |    10 ||    23
 Cast: Magic Dart        |     5 |       |     2 ||     7
       Searing Ray       |       |     3 |    13 ||    16
       Fulminant Prism   |       |     1 |     2 ||     3
 Abil: Breathe Frost     |       |       |     1 ||     1
  Use: Potion            |       |     2 |     1 ||     3
       Scroll            |       |       |     5 ||     5
 Stab: Sleeping          |     9 |     2 |     3 ||    14
       Held in net/web   |       |       |     1 ||     1
Armor: Skin              |    59 |    35 |    75 ||   169
Dodge: Dodged            |   122 |    56 |   248 ||   426

Table legend: (Time is in decaauts)
 A = Elapsed time spent in this place.
 B = Non-inter-level travel time spent in this place.
 C = Inter-level travel time spent in this place.
 D = Time resting spent in this place.
 E = Time spent auto-exploring this place.
 F = Levels seen in this place.
 G = Mean time per level.
                   A        B        C        D        E       F      G
               +--------+--------+--------+--------+--------+-----+--------+
         Total |   8204 |   7878 |    326 |    526 |   5975 |   6 | 1367.3 |
       Dungeon |   8204 |   7878 |    326 |    526 |   5975 |   6 | 1367.3 |
               +--------+--------+--------+--------+--------+-----+--------+

Top non-repeatable levels by time:
     D:5: 1829 daAuts
     D:4: 1728 daAuts
     D:3: 1349 daAuts
     D:2: 1283 daAuts
     D:1: 1200 daAuts
     D:6: 813 daAuts
